Map: Cosmic Sapphire

Players

A.I. 1 (Very Easy) - Winner!

  • Race: Zerg Zerg
  • Spawn Location: 5:00

RustyShacky

  • Race: Terran Terran
  • League: Diamond
  • Spawn Location: 11:00

VOD

Have the link to the VOD?

Description

Time

  • Played on: Oct. 6, 2022, 9:53 a.m.
  • Length: 9:53
Show
View Real Time Build Order
Export as new Build Order

A.I. 1 (Very Easy) Zerg - Winner!

Build Orders: Pool First 

Get SALT Encoding   

  12  0:01  Drone  
  13  0:12  Overlord  
  13  0:16  Drone  
  14  0:35  Spawning Pool  
  13  0:37  Extractor  
  13  0:39  Drone  
  13  0:46  Drone  
  14  0:51  Overlord  
  14  1:22  Queen  
  14  1:23  Zergling x2  
  17  1:30  Roach Warren  
  17  1:32  Extractor  
  15  1:36  Drone  
  16  1:40  Zergling x2  
  16  1:43  Drone  
  18  1:57  Drone, Zergling x2  
  20  2:08  Drone  
  21  2:19  Drone  
  22  2:29  Overlord, Drone  
  23  2:36  Drone  
  24  2:43  Drone  
  25  5:37  Lair, Roach, Drone  
  28  5:44  Drone  
  29  5:51  Drone  
  29  5:53  Overlord  
  30  5:58  Drone  
  31  6:05  Drone  
  29  6:16  Ravager, Zergling x2  
  31  6:38  Overseer x2  
  31  6:55  Roach  
  33  7:11  Hatchery  
  32  7:34  Overseer, Overlord  
  32  8:23  Drone  
  33  8:30  Drone  
  33  8:33  Extractor  
  33  8:37  Extractor  
  33  8:38  Drone  
  33  8:45  Drone  
  34  8:52  Drone  
  35  8:59  Drone  
  36  9:06  Drone  
  37  9:13  Drone  
  38  9:21  Drone  
  39  9:28  Drone  
  40  9:35  Drone  
Show
View Real Time Build Order
Export as new Build Order

RustyShacky Terran 

Build Orders: Hellion Opening, Mech 

Get SALT Encoding   

  12  0:00  SCV  
  13  0:12  SCV  
  14  0:17  Supply Depot  
  14  0:24  SCV  
  15  0:38  SCV  
  15  0:40  Barracks  
  16  0:44  Refinery  
  16  0:50  SCV  
  17  1:03  SCV  
  18  1:15  SCV  
  19  1:28  Orbital Command  
  19  1:29  Marine  
  20  1:43  Command Center  
  20  1:46  Marine  
  21  1:53  SCV  
  21  1:56  Supply Depot  
  21  2:06  SCV  
  22  2:11  Factory  
  22  2:18  SCV, Barracks Reactor  
  23  2:24  Refinery  
  23  2:30  SCV  
  24  2:42  SCV  
  25  2:54  SCV  
  25  2:55  Starport  
  26  3:04  Orbital Command  
  26  3:08  Hellion x2  
  26  3:12  SCV  
  31  3:18  Supply Depot  
  31  3:24  SCV  
  32  3:29  Hellion x2  
  32  3:31  SCV  
  37  3:34  Viking  
  37  3:36  SCV  
  40  3:43  SCV, Fusion Core  
  41  3:49  Supply Depot  
  41  3:51  SCV  
  43  3:55  SCV  
  43  3:57  Hellion  
  43  3:58  Hellion  
  47  4:03  SCV  
  47  4:08  Starport Tech Lab  
  48  4:14  SCV  
  48  4:15  SCV  
  48  4:16  Supply Depot  
  50  4:18  Hellion  
  50  4:20  Hellion  
  54  4:26  SCV  
  54  4:27  SCV  
  56  4:31  Battlecruiser  
  56  4:38  SCV  
  63  4:39  SCV  
  64  4:47  Command Center  
  64  4:50  Hellion  
  66  4:55  SCV, Armory  
  66  4:56  SCV  
  68  5:02  Refinery  
  68  5:03  Refinery  
  68  5:05  Supply Depot  
  68  5:11  SCV x2, Supply Depot  
  70  5:19  Hellion  
  70  5:20  Hellion  
  74  5:23  SCV x2  
  76  5:31  Factory  
  76  5:33  Factory  
  76  5:35  SCV x2  
  78  5:40  Supply Depot  
  78  5:42  Supply Depot  
  78  5:47  SCV x2  
  80  5:59  SCV x2  
  80  6:03  Hellion  
  80  6:04  Hellion  
  86  6:06  Battlecruiser  
  92  6:11  SCV x2  
  92  6:15  Supply Depot  
  94  6:20  Orbital Command  
  94  6:21  Supply Depot  
  94  6:23  SCV x2  
  96  6:29  Factory Tech Lab x2  
  96  6:34  Refinery  
  96  6:36  Factory  
  96  6:38  Refinery  
  97  6:40  SCV x2  
  97  6:41  Factory  
  97  6:42  Hellion  
  97  6:44  Hellion  
  102  6:49  SCV  
  102  6:52  SCV x2  
  105  6:55  Siege Tank  
  105  6:56  Siege Tank  
  111  7:01  SCV  
  111  7:06  Armory, Engineering Bay  
  112  7:11  Infernal Pre-Igniter  
  112  7:12  SCV  
  112  7:14  SCV x2  
  115  7:21  Factory Tech Lab  
  115  7:24  SCV, Factory Reactor  
  115  7:26  SCV x2  
  115  7:28  Hellion x2  
  122  7:30  Terran Vehicle Weapons Level 1  
  122  7:35  Siege Tank x2  
  128  7:49  Hellion x2  
  132  7:53  Siege Tank  
  135  8:05  Hellion x2  
  139  8:10  Hellion  
  141  8:17  Supply Depot  
  141  8:18  Supply Depot, Siege Tank x2, Hellion  
  149  8:24  Supply Depot  
  149  8:38  Siege Tank  
  149  8:39  Hellion x3  
  149  8:40  Hellion  
  160  8:43  Supply Depot x2, Missile Turret  
  160  8:48  Sensor Tower  
  160  8:50  Siege Tank x2  
  166  9:00  Hellion x2  
  166  9:01  Hellion  
  172  9:04  Hellion  
  174  9:10  Siege Tank  
  177  9:17  Supply Depot  
  177  9:18  Supply Depot  
  177  9:21  Hellion x2  
  177  9:22  Hellion  
  189  9:26  Hellion  
Tags
 
Composition
Mech
League
Diamond
Matchup
TvZ
Spawn Locations
Cross Positions
Add a new tag
Caveats
  • Supply blocks, unpowered buildings, or Contaminate may cause inaccurate times.
  • Supply counts are checked every 10 seconds.